 Dungeon Crawl Stone Soup version 0.24-a0-769-g368c1644f8 (webtiles) character file.

Game seed: 5588137712133501999, levelgen mode: deterministic

30241 HumanIsDead the Severer (level 13, -1/98 HPs)
             Began as a Human Gladiator on Oct 6, 2019.
             Was a High Priest of Trog.
             Shot with an arrow by Nessos (4 damage)
             ... on level 2 of the Orcish Mines.
             The game lasted 01:07:32 (22857 turns).

HumanIsDead the Severer (Human Gladiator)          Turns: 22857, Time: 01:07:33

Health: -1/98      AC: 16    Str: 25    XL:     13   Next: 87%
Magic:  13/13      EV: 11    Int:  8    God:    Trog [*****.]
Gold:   1687       SH:  0    Dex: 18    Spells: 12/12 levels left

rFire    + . .     SeeInvis .   P - +0 battleaxe
rCold    + . .     Gourm    .   (shield currently unavailable)
rNeg     . . .     Faith    +   S - +0 plate armour
rPois    .         Spirit   .   c - +0 helmet
rElec    .         Reflect  .   w - scarf {rC+ rF+}
rCorr    .         Harm     .   h - +0 pair of gloves
MR       .....                  (no boots)
Stlth    ..........             C - amulet of faith
HPRegen  0.26/turn              K - +5 ring of strength
MPRegen  0.13/turn              z - +3 ring of dexterity

@: lethally poisoned (-1 -> -72)
A: no striking features
a: Berserk, Trog's Hand, Brothers in Arms, Renounce Religion


You were on level 2 of the Orcish Mines.
You worshipped Trog.
Trog was extremely pleased with you.
You were hungry.

You visited 3 branches of the dungeon, and saw 16 of its levels.
You also visited: Gauntlet.

You collected 1869 gold pieces.
You spent 182 gold pieces at shops.

Inventory:

Hand Weapons
 j - a +6 spear of venom
 r - the cursed +0 scimitar "Elesm" {freeze, *Slow MR++}
   (You took it off a skeletal warrior on level 8 of the Dungeon)

   It has been specially enchanted to freeze those struck by it, causing extra
   injury to most foes and up to half again as much damage against particularly
   susceptible opponents.
   It can also slow down cold-blooded creatures.
   It affects your resistance to hostile enchantments.
   It may slow you when you take damage.
   It has a curse placed upon it.
 G - a +2 hand axe of flaming
 P - a +0 battleaxe (weapon)
Missiles
 d - 2 throwing nets (quivered)
 L - 30 poisoned darts
Armour
 c - a +0 helmet (worn)
 h - a +0 pair of gloves (worn)
 w - a scarf of resistance (worn)
 S - a +0 plate armour (worn)
Jewellery
 o - an uncursed ring of fire
 s - an uncursed ring of ice
 z - a +3 ring of dexterity (right hand)
 C - an amulet of faith (around neck)
 K - a +5 ring of strength (left hand)
 V - the ring of the Failed Coup {Fire +Fly Dex+7 Stlth-, unknown}
   (You found it in a Gauntlet)

   [ring of fire]

   It enhances your fire magic.
   It affects your dexterity (+7).
   It protects you from fire.
   It makes you vulnerable to cold.
   It lets you fly.
   It makes you less stealthy.
 W - an uncursed ring of protection from fire
Wands
 g - a wand of digging (12)
 x - a wand of flame (13)
 I - a wand of enslavement (8)
 R - a wand of polymorph (20)
 U - a wand of acid (5)
 X - a wand of disintegration (11)
 Y - a wand of iceblast (9)
Scrolls
 i - 3 scrolls of magic mapping {unknown}
 k - 13 scrolls of remove curse
 l - a scroll of enchant weapon {unknown}
 p - a scroll of holy word {unknown}
 q - 2 scrolls of amnesia {unknown}
 y - a scroll of blinking
 A - 4 scrolls of fog {unknown}
 D - 3 scrolls of fear
 H - a scroll of brand weapon {unknown}
 M - a scroll of silence {unknown}
 N - a scroll of vulnerability {unknown}
 O - a scroll of teleportation
 Z - 2 scrolls of identify
Potions
 e - 2 potions of mutation
 m - 3 potions of flight
 n - a potion of agility
 t - a potion of ambrosia
 u - 2 potions of brilliance
 v - 3 potions of cancellation
 B - 3 potions of haste
 E - 3 potions of lignification
 F - a potion of magic
 J - 4 potions of berserk rage
 T - a potion of might
Miscellaneous
 b - a box of beasts
Comestibles
 a - 3 chunks of flesh
 f - 12 rations


   Skills:
 + Level 8.0 Fighting
 * Level 18.1 Axes
 - Level 2.0 Throwing
 + Level 7.6 Armour
 - Level 6.0 Dodging


You had 12 spell levels left.
You didn't know any spells.
Your spell library contained the following spells:

 Spells                   Type           Power        Failure   Level  Hunger
 Confusing Touch          Hex            #.....       99%         1    ##.....
 Confuse                  Hex            #.......     100%        3    ####...
 Gell's Gravitas          Tloc           #.........   100%        3    ####...
 Petrify                  Tmut/Erth      #.......     100%        4    #####..
 Metabolic Englaciation   Hex/Ice        #.........   100%        5    ######.
 Yara's Violent Unravell  Hex/Tmut       #.........   100%        5    ######.


Dungeon Overview and Level Annotations

Branches:
Dungeon (13/15)            Temple (1/1) D:4            Lair (0/6) D:11
    Orc (2/2) D:12            Elf (0/3) Orc:2       Gauntlet (visited)
 Vaults: D:13-14

Altars:
Ashenzari
Cheibriados
Dithmenos
Elyvilon
Fedhas
Gozag
Hepliaklqana
Kikubaaqudgha
Makhleb
Nemelex Xobeh
Okawaru
Qazlal
Ru
Sif Muna
Trog
Uskayaw
Vehumet
Wu Jian
Xom
Yredelemnul
Zin
The Shining One

Shops:
D:7 !%?   D:12 [[(   Orc:2 *

Annotations:
D:4 1 runed translucent door, Crazy Yiuf
D:9 2 transporters, lolicon's ghost, journeyman GnSk
D:12 3 runed translucent doors, Tanips's ghost, journeyman MfSk
Orc:2 Nessos


Message History

Your iron troll is poisoned.
Nessos zaps a wand.
Your iron troll resists with almost no effort.
Your iron troll bites Nessos!!
Your iron troll claws Nessos!
Your iron troll claws Nessos!!
You feel very sick.
Nessos blinks!
Nessos zaps a wand.
You easily resist.
Nessos blinks!
You feel very sick.
Nessos shoots an arrow.
The arrow hits you! The arrow burns you.
You are lethally poisoned!
Nessos shoots an arrow.
The arrow hits you but does no damage.
You can move again.
An orc comes into view. It is wielding a +0 dagger.
* * * LOW HITPOINT WARNING * * *
You feel very sick.
Nessos shoots an arrow.
The arrow hits you!!
* * * LOW HITPOINT WARNING * * *
The arrow burns you.
You are more poisoned.
You die...

...........##
..#....#...#
..##......#.##
.............#
........o.#..##
##(##....#
###..##...##
##(#...##.##
#..@(...)..##
##.......)...#
###......T....####
##.##........####.##
##............###...#
#......#.##......#.##
#.......###c.......#
##......###......###
##......##......# ###


You could see Nessos, an orc and a friendly iron troll (berserk).

Vanquished Creatures
  A minotaur (Gauntlet)
  Josephine (D:12)
  Fannar (Orc:1)
  A hydra (D:8)
  3 two-headed ogres
  A centaur warrior (D:8)
  An orc high priest (Orc:2)
  2 skeletal warriors
  4 unseen horrors
  Pikel (D:3)
  An orc knight (Orc:1)
  A phantasmal warrior (D:13)
  A cyclops (D:12)
  2 orc sorcerers
  An ugly thing (D:12)
  A centaur skeleton (D:12)
  An efreet (D:12)
  A freezing wraith (D:13)
  A komodo dragon (D:12)
  4 trolls
  A hornet (D:10)
  A raiju (Gauntlet)
  A meliai zombie (D:12)
  2 dream sheep (D:8)
  5 hippogriffs
  15 flying skulls (Gauntlet)
  4 wraiths (D:12)
  A hungry ghost (D:11)
  21 yaks
  A steam dragon (Gauntlet)
  2 wargs
  An acid dragon (D:12)
  A porcupine (D:11)
  5 ice beasts
  19 orc warriors
  4 black bears
  2 phantoms
  6 ogres
  8 centaurs
  A crocodile (D:10)
  6 big kobolds
  A gnoll sergeant (D:6)
  Blork the orc (D:4)
  8 bullfrogs
  3 scorpions
  14 killer bees
  4 wights (D:8)
  A howler monkey (D:4)
  3 crimson imps
  A quasit (D:7)
  5 hounds
  A centaur zombie (D:7)
  2 jellies (D:6)
  13 orc priests
  A bullfrog skeleton (D:13)
  4 iguanas
  5 worker ants
  20 orc wizards
  2 hound zombies
  A hound skeleton (D:4)
  A howler monkey zombie (D:9)
  2 worker ant zombies
  7 gnolls
  9 adders
  A howler monkey skeleton (D:8)
  2 shadow imps
  A white imp (D:11)
  3 adder zombies
  2 worms
  A dart slug (D:1)
  3 leopard geckos
  47 orcs
  10 giant cockroaches
  8 goblins
  9 hobgoblins
  12 jackals
  2 quokkas
  2 ball pythons
  6 bats
  7 frilled lizards
  A giant cockroach zombie (D:1)
  A goblin skeleton (D:7)
  2 goblin zombies (D:7)
  2 hobgoblin zombies (D:7)
  14 kobolds
  A kobold zombie (D:7)
  A leopard gecko skeleton (D:8)
  A leopard gecko zombie (D:1)
  An orc skeleton (D:7)
  An orc zombie (D:7)
  9 rats
396 creatures vanquished.

Vanquished Creatures (collateral kills)
  A gnoll (D:6)
1 creature vanquished.

Vanquished Creatures (others)
  A centaur skeleton (D:12)
  An orc wizard (Orc:1)
  A gnoll (D:6)
  24 fungi (D:11)
  3 plants (D:11)
30 creatures vanquished.

Grand Total: 427 creatures vanquished

Notes
Turn   | Place    | Note
-------+----------+-------------------------------------------
     0 | D:1      | HumanIsDead the Human Gladiator began the quest for the
                  | Orb.
     0 | D:1      | Reached XP level 1. HP: 16/16 MP: 1/1
   130 | D:1      | Reached XP level 2. HP: 18/22 MP: 2/2
   368 | D:1      | Reached XP level 3. HP: 12/27 MP: 3/3
   757 | D:1      | Reached skill level 4 in Axes
  1273 | D:2      | Reached XP level 4. HP: 32/33 MP: 4/4
  1307 | D:2      | Found a sparkling altar of Nemelex Xobeh.
  1435 | D:2      | Found a hide-covered altar of Uskayaw.
  1477 | D:2      | Found a white marble altar of Elyvilon.
  1577 | D:2      | Reached XP level 5. HP: 30/38 MP: 5/5
  1584 | D:2      | Found a shattered altar of Ashenzari.
  2012 | D:3      | Reached skill level 5 in Axes
  2528 | D:3      | Found an ornate altar of the Wu Jian Council.
  2729 | D:3      | Found a stormy altar of Qazlal.
  3036 | D:4      | Found a staircase to the Ecumenical Temple.
  3061 | Temple   | Entered the Ecumenical Temple
  3267 | Temple   | Became a worshipper of Trog the Wrathful
  3320 | D:4      | Noticed Blork the orc
  3818 | Temple   | Reached XP level 6. HP: 33/44 MP: 6/6
  3909 | D:4      | Killed Blork the orc
  4059 | D:4      | Found a runed translucent door.
  4060 | D:4      | Noticed Crazy Yiuf
  4203 | D:4      | Noticed a slave
  4204 | D:4      | Noticed Pikel
  4204 | D:4      | Noticed a slave
  4205 | D:4      | Noticed a slave
  4205 | D:4      | Noticed a slave
  4536 | D:3      | Killed Pikel
  4536 | D:3      | Reached skill level 7 in Axes
  4536 | D:3      | Reached skill level 5 in Dodging
  4536 | D:3      | Reached XP level 7. HP: 24/50 MP: 7/7
  4536 | D:3      | Reached XP level 8. HP: 27/56 MP: 8/8
  4745 | D:4      | Reached skill level 8 in Axes
  5080 | D:5      | Entered Level 5 of the Dungeon
  5116 | D:5      | Found a shimmering blue altar of Sif Muna.
  7094 | D:6      | Reached skill level 9 in Axes
  7671 | D:6      | Found a sacrificial altar of Ru.
  7704 | D:6      | Reached XP level 9. HP: 59/61 MP: 9/9
  7861 | D:6      | Found a shadowy altar of Dithmenos.
  7963 | D:7      | Found a glowing golden altar of the Shining One.
  8009 | D:7      | Reached skill level 10 in Axes
  8079 | D:7      | Reached * piety under Trog
  8134 | D:7      | Found Ywimpiag's Distillery.
  8139 | D:7      | Bought a potion of curing for 48 gold pieces
  8145 | D:7      | Noticed a hippogriff
  8159 | D:7      | Killed a hippogriff
  8820 | D:7      | Found Cuedicleo's Magic Scroll Shoppe.
  8823 | D:7      | Bought a scroll of fear for 56 gold pieces
  8823 | D:7      | Bought a scroll of teleportation for 48 gold pieces
  8884 | D:7      | Reached skill level 11 in Axes
  8948 | D:7      | Found Hubefe's Food Shop.
  9085 | D:8      | Found a hazy altar of Hepliaklqana.
 10443 | D:8      | Reached skill level 12 in Axes
 10447 | D:8      | Reached XP level 10. HP: 67/67 MP: 10/10
 10636 | D:8      | Killed an unseen horror
 10641 | D:8      | Noticed a centaur warrior
 10643 | D:8      | HP: 3/100 [ice beast (3)]
 10847 | D:8      | Identified the cursed +0 scimitar "Elesm" {freeze, *Slow
                  | MR++}
 10847 | D:8      | Noticed a skeletal warrior
 11008 | D:8      | Identified the +9 dagger of Zuawik {venom, rPois rF+ rC+
                  | rN+}
 11048 | D:8      | Reached skill level 13 in Axes
 11131 | D:8      | Killed a centaur warrior
 11517 | D:8      | Killed a skeletal warrior
 11700 | D:8      | Killed an unseen horror
 11700 | D:8      | Reached skill level 14 in Axes
 11980 | D:8      | Reached ** piety under Trog
 11981 | D:8      | Reached XP level 11. HP: 72/72 MP: 11/11
 12033 | D:8      | Noticed a three-headed hydra
 12038 | D:8      | Killed a one-headed hydra
 12038 | D:8      | Reached skill level 15 in Axes
 12128 | D:9      | Found a glowing silver altar of Zin.
 12875 | D:9      | Found a transporter.
 12875 | D:9      | Noticed lolicon's ghost (journeyman GnSk)
 12888 | D:9      | Found a transporter.
 13047 | D:9      | Found a blossoming altar of Fedhas.
 13076 | D:10     | Entered Level 10 of the Dungeon
 13630 | D:10     | Reached skill level 1 in Armour
 13694 | D:10     | Paralysed by a hornet for 2 turns
 14128 | D:11     | Found a gate leading to a gauntlet.
 14137 | Gauntlet | Entered a Gauntlet
 14137 | Gauntlet | Found a transporter.
 14137 | Gauntlet | Found a transporter.
 14137 | Gauntlet | Found a transporter.
 14138 | Gauntlet | Found a transporter.
 14140 | Gauntlet | Found a transporter.
 14142 | Gauntlet | Found a transporter.
 14148 | Gauntlet | Found a transporter.
 14150 | Gauntlet | Found a transporter.
 14151 | Gauntlet | Found a transporter.
 14153 | Gauntlet | Found a transporter.
 14159 | Gauntlet | Noticed an entropy weaver
 14161 | Gauntlet | Found a transporter.
 14161 | Gauntlet | Found a transporter.
 14366 | Gauntlet | Reached *** piety under Trog
 14681 | Gauntlet | Reached skill level 16 in Axes
 14687 | Gauntlet | Reached XP level 12. HP: 32/83 MP: 12/12
 14978 | Gauntlet | Got a scintillating bone ring
 14984 | Gauntlet | Noticed a minotaur
 15000 | Gauntlet | Killed a minotaur
 15320 | D:11     | Found a staircase to the Lair.
 15326 | D:11     | Noticed a two-headed ogre
 15394 | D:10     | Killed a two-headed ogre
 15551 | D:11     | Noticed a two-headed ogre
 15593 | D:10     | Killed a two-headed ogre
 15593 | D:10     | Reached skill level 5 in Fighting
 16124 | D:11     | Reached **** piety under Trog
 16160 | D:11     | Killed an unseen horror
 16766 | D:11     | Reached skill level 5 in Armour
 17550 | D:12     | Found the +3 giant club "Skullcrusher" {speed, Str+7}
 17800 | D:12     | Noticed a two-headed ogre
 17804 | D:12     | Killed a two-headed ogre
 17804 | D:12     | Reached skill level 17 in Axes
 17824 | D:12     | Found a runed translucent gate.
 17824 | D:12     | Found a runed translucent gate.
 17824 | D:12     | Found a runed translucent gate.
 17862 | D:12     | Killed an unseen horror
 17862 | D:12     | Reached XP level 13. HP: 93/93 MP: 13/13
 18370 | D:12     | Found Kumiexah's Antique Armour Shop.
 18384 | D:12     | Found Asesigg's Weapon Boutique.
 18384 | D:12     | Noticed Josephine
 18391 | D:12     | Reached ***** piety under Trog
 18429 | D:12     | Killed Josephine
 19212 | D:12     | Found a staircase to the Orcish Mines.
 19221 | D:12     | Found Utoexitu's Armour Boutique.
 19533 | D:12     | Noticed Tanips's ghost (journeyman MfSk)
 20543 | Orc:1    | Entered Level 1 of the Orcish Mines
 21038 | Orc:1    | Noticed Fannar
 21069 | Orc:1    | Killed Fannar
 21174 | Orc:1    | Received a gift from Trog
 21488 | Orc:2    | Entered Level 2 of the Orcish Mines
 21488 | Orc:2    | Found a staircase to the Elven Halls.
 21620 | Orc:2    | Reached skill level 18 in Axes
 22181 | Orc:2    | Paralysed by an orc sorcerer for 6 turns
 22407 | Orc:2    | Found Unigud's Assorted Antiques.
 22454 | Orc:2    | Bought a scroll labeled YHUMAS BARCHOA for 30 gold pieces
 22842 | Orc:2    | Noticed Nessos
 22853 | Orc:2    | Paralysed by Nessos for 4 turns
 22857 | Orc:2    | HP: 3/98 [Nessos/arrow (24)]
 22857 | Orc:2    | Shot with an arrow by Nessos

Levels and vault maps discovered:
D:1:      saegor_arrival_fortress, layout_basic
D:2:      layout_rooms, lemuel_crystal_altar, elyvilon_altar_3,
          ashenzari_altar_1, nemelex_xobeh_ov_fountains_minmay, serial_rivers,
          chequers_serial_rivers_micro_a, chequers_serial_rivers_small_a,
          chequers_serial_rivers_micro_b, chequers_serial_rivers_small_3,
          chequers_serial_rivers_micro_c
D:3:      layout_loops_ring, nicolae_overflow_hidden_temple, marbit_many_paths
D:4:      layout_rooms, minmay_temple_entry_glass, uniq_blork_the_orc,
          uniq_pikel, uniq_crazy_yiuf_cottage
D:5:      layout_loops_ring, old_standard_altar, first_ration
D:6:      layout_basic, kennysheep_mini, dk_noncrumbling_3,
          nicolae_ru_sacrificial_ziggurat
D:7:      minmay_evil_eye, layout_basic, nicolae_tso_besieged_by_evil,
          serial_shops, nicolae_shop_behind_doors, kennysheep_little_box, shop
D:8:      layout_basic, old_standard_altar, hangedman_ranch
          [blue_anna_fruit_fields], minmay_pinched_square
D:9:      layout_roguey, overflow_temple_1_default, kennysheep_mini_moat,
          gammafunk_ghost_stat_death
D:10:     layout_gridville
D:11:     layout_gridville, due_lair_maze_entry_diamond, gauntlet_entry_generic,
          minmay_fire_ice_demons
D:12:     layout_roguey, orc_david_3, serial_shops, shop_fountains,
          gammafunk_ghost_icy, uniq_josephine
D:13:     layout_loops_ring, uniq_jorgrun
Temple:   dpeg_chambers_temple
Orc:1:    layout_caves, uniq_fannar
Orc:2:    pf_orc_diabolical, layout_diamond_mine, serial_shops, shop,
          minmay_orc_keep, uniq_nessos

Skill      XL: |  1  2  3  4  5  6  7  8  9 10 11 12 13 |
---------------+----------------------------------------+-----
Axes           | 4 5 7 9 12 14 16 17 18 | 18.1
Dodging        | 4 5 6 |  6.0
Armour         | 3 5 7 |  7.6
Fighting       | 3 6 8 |  8.0
Throwing       | |  2.0

Action                   |  1- 3 |  4- 6 |  7- 9 | 10-12 | 13-15 || total
-------------------------+-------+-------+-------+-------+-------++-------
Melee: War axe           |    92 |   222 |   285 |    55 |       ||   654
       Battleaxe         |       |       |       |   510 |   383 ||   893
       Hand axe          |       |       |       |     8 |       ||     8
Throw: Throwing net      |       |       |     2 |     1 |       ||     3
Invok: Berserk           |       |       |     2 |    18 |     5 ||    25
       Trog's Hand       |       |       |       |     2 |     1 ||     3
       Brothers in Arms  |       |       |       |       |     1 ||     1
Evoke: Wand              |       |       |     3 |     1 |       ||     4
  Use: Potion            |       |     1 |     4 |     4 |     1 ||    10
       Scroll            |       |       |    13 |     5 |     2 ||    20
 Stab: Held in net/web   |       |       |     1 |     1 |       ||     2
  Eat: Chunk             |     1 |     6 |    11 |    19 |    14 ||    51
       Ration            |       |     1 |     3 |     7 |     2 ||    13
Armor: Leather armour    |    27 |       |       |       |       ||    27
       Scale mail        |    12 |   110 |    84 |    98 |       ||   304
       Plate armour      |       |       |       |   213 |   177 ||   390
Dodge: Dodged            |    87 |   146 |   194 |   365 |   145 ||   937

Table legend:
 A = Non-vault XP
 B = Vault XP
 C = Vault XP percentage of total XP
 D = Non-vault monster count
 E = Vault monster count
 F = Vault count percentage of total count
                 A         B        C        D         E       F
            +---------+---------+-------+---------+---------+-------
      Total |   26258 |   16944 |  39.2 |     308 |      91 |  22.8
            +---------+---------+-------+---------+---------+-------
        D:1 |      61 |       2 |   3.2 |      27 |       2 |   6.9
        D:2 |      82 |       0 |   0.0 |      28 |       0 |   0.0
        D:3 |      86 |     707 |  89.2 |      15 |       2 |  11.8
        D:4 |     286 |      90 |  23.9 |       9 |       1 |  10.0
        D:5 |     266 |       0 |   0.0 |       5 |       0 |   0.0
        D:6 |     455 |       0 |   0.0 |      17 |       0 |   0.0
        D:7 |     876 |     165 |  15.9 |      18 |      10 |  35.7
        D:8 |     742 |    5617 |  88.3 |      21 |      22 |  51.2
        D:9 |    1367 |       0 |   0.0 |      26 |       0 |   0.0
       D:10 |    3088 |     323 |   9.5 |      19 |       2 |   9.5
       D:11 |    3135 |     980 |  23.8 |      30 |       9 |  23.1
       D:12 |    8689 |    2235 |  20.5 |      42 |      11 |  20.8
       D:13 |    1998 |       0 |   0.0 |       6 |       0 |   0.0
     Temple |      41 |       0 |   0.0 |       3 |       0 |   0.0
      Orc:1 |    2971 |     976 |  24.7 |      24 |       1 |   4.0
      Orc:2 |    2115 |     763 |  26.5 |      18 |      13 |  41.9
   Gauntlet |       0 |    5086 | 100.0 |       0 |      18 | 100.0
            +---------+---------+-------+---------+---------+-------
